 Dungeon Crawl Stone Soup version 0.17.0 (webtiles) character file.

184555 craggadee the Shatterer (level 17, -2/138 HPs)
             Began as a Minotaur Berserker on Nov 17, 2015.
             Was an Elder of Trog.
             Slain by a sun demon (6 damage)
             ... led by a balrug
             ... on level 3 of the Abyss on Nov 22, 2015.
             The game lasted 02:12:31 (35638 turns).

craggadee the Shatterer (Minotaur Berserker)       Turns: 35638, Time: 02:12:31

Health: -2/138     AC: 37    Str: 33      XL:     17   Next: 78%
Magic:  7/7        EV: 13    Int:  6 (8)  God:    Trog [****..]
Gold:   2574       SH:  0    Dex: 16      Spells: 0 memorised, 16 levels left

rFire  + + +     SeeInvis .     W - +7 great mace (antimagic)
rCold  . . .     Clarity  .     l - +14 plate armour of Rotation {*Contam rF+++ Int+3}
rNeg   . . .     SustAt   .     (shield currently unavailable)
rPois  .         Gourm    .     (helmet unavailable)
rElec  .         Spirit   .     x - +1 cloak
rCorr  +         Warding  .     I - +2 pair of gloves
rMut   .         Stasis   .     H - +2 pair of boots {run}
MR     +++..                    k - amulet of resist corrosion
Stlth  ..........               L - ring "Yshromep" {rF+ Str+2 Dex+7}
                                N - +4 ring of strength

@: very slightly contaminated, regenerating, constricted, studying Shields,
quick, extremely resistant to hostile enchantments, extremely unstealthy
A: retaliatory headbutt, horns 3, clumsy 1, deformed body, frail 1
a: Berserk, Trog's Hand, Brothers in Arms, Burn Spellbooks, Renounce Religion


You were on level 3 of the Abyss.
You worshipped Trog.
Trog was greatly pleased with you.
You were not hungry.

You visited 4 branches of the dungeon, and saw 28 of its levels.
You visited the Abyss 1 time.
You also visited: Bailey, Ice Cave and Volcano.

You collected 3269 gold pieces.
You spent 695 gold pieces at shops.

Inventory:

Hand Weapons
 e - the +10 long sword "Idodeamuu" {freeze, rPois}
   (You found it on level 6 of the Dungeon)

   It has been specially enchanted to freeze those struck by it, causing extra
   injury to most foes and up to half again as much damage against particularly
   susceptible opponents.
   It can also slow down cold-blooded creatures.
   It protects you from poison.
 p - the +3 double sword of the Reaper {slice, rElec MR+}
   (Trog gifted it to you on level 4 of the Lair of Beasts)

   It inflicts extra damage upon your enemies.
   It insulates you from electricity.
   It affects your resistance to hostile enchantments.
 W - a +7 antimagic great mace (weapon)
Armour
 l - the +14 plate armour of Rotation (worn) {*Contam rF+++ Int+3}
   (You found it on level 4 of the Shoals)

   It affects your intelligence (+3).
   It renders you almost immune to fire.
   It causes magical contamination when unequipped.
 x - a +1 cloak (worn)
 C - a +0 large shield
 H - a +2 pair of boots of running (worn)
 I - a +2 pair of gloves (worn)
 Q - the +3 hat of Pondering {ponderous, MR+ MP+10 Int+5}
   (You took it off Gastronok on level 10 of the Dungeon)

   It affects your intelligence (+5).
   It affects your resistance to hostile enchantments.
   It affects your magic capacity (+10).
Jewellery
 k - an amulet of resist corrosion (around neck)
 w - an uncursed ring of flight
 z - an uncursed ring of poison resistance
 B - an uncursed ring of sustain attributes
 E - a +6 ring of dexterity
 L - the ring "Yshromep" (right hand) {rF+ Str+2 Dex+7}
   (You found it on level 8 of the Lair of Beasts)

   [ring of protection from fire]

   It affects your strength (+2).
   It affects your dexterity (+7).
   It protects you from fire.
 N - a +4 ring of strength (left hand)
 P - an uncursed ring of see invisible
 S - an uncursed ring of protection from cold
Wands
 b - a wand of heal wounds (0)
 A - a wand of teleportation (3)
 D - a wand of polymorph (21)
 G - a wand of digging (11)
 O - a wand of heal wounds (0)
Scrolls
 i - 13 scrolls of remove curse
 o - a scroll of recharging
 q - 5 scrolls of identify
 r - 6 scrolls of teleportation
 V - a scroll of magic mapping
Potions
 d - 2 potions of might
 f - 6 potions of brilliance
 g - 8 potions of magic
 j - 3 potions of berserk rage
 m - 5 potions of haste
 s - 2 potions of agility
 v - 2 potions of cancellation
 J - 2 potions of cure mutation
Books
 R - a manual of Shields
Comestibles
 a - 2 fruits
 c - 10 bread rations


   Skills:
 + Level 14.5 Fighting
 - Level 12.2 Long Blades
 * Level 21.9 Maces & Flails
 * Level 17.3 Armour
 * Level 12.5 Dodging
 - Level 0.1 Stealth
 + Level 6.2 Shields
 * Level 6.8 Evocations


You had 16 spell levels left.
You didn't know any spells.

Dungeon Overview and Level Annotations

Branches:
Dungeon (12/15)            Temple (0/1) D:7            Lair (8/8) D:9
 Shoals (4/4) Lair:3        Snake (0/4) Lair:5        Slime (0/6) Lair:7
    Orc (4/4) D:10            Elf (0/3) Orc:3

Altars:
Ashenzari
Dithmenos
Elyvilon
Fedhas
Gozag
Kikubaaqudgha
Makhleb
Nemelex Xobeh
Okawaru
Qazlal
Sif Muna
Vehumet
Xom
Yredelemnul
Zin
The Shining One
Beogh

Shops:
D:7 !   D:11 [   Orc:3 %?(   Orc:4 *(![}   Shoals:1 ?

Portals:
Hell: Lair:8

Annotations:
Shoals:4 Ilsuiw


Innate Abilities, Weirdness & Mutations

You reflexively headbutt those who attack you in melee.
You have a pair of large horns on your head.
You are frail (-10% HP).
[You are clumsy. (Dex -2)]
[Armour fits poorly on your strangely shaped body.]


Message History

Okay, then.
Read which item? (? for menu, Esc to quit)
Okay, then.
Evoke which item? (* to show all) (? for menu, Esc to quit)
Okay, then.
Read which item? (? for menu, Esc to quit)
You can't read that!
Evoke which item? (* to show all) (? for menu, Esc to quit)
Zapping:
A - a wand of teleportation (will waste charges)
Press: ? - help, Shift-Dir - straight line, f - you You feel strangely stable.
Evoking this partially-identified wand wasted a few charges.
Your skill with magical items lets you calculate the power of this device...
This wand has 3 charges left.
The starspawn tentacle grabs you. The starspawn tentacle constricts you.
The dire elephant skeleton closely misses you.
You furiously retaliate!
You headbutt the dire elephant skeleton, but do no damage.
The sun demon hits you.
You die...

# ..#§X#...##♣ ##
###....[.≈§#.§≈≈≈
#.######.#2..##≈# ≈≈
#.....#§.##.##§≈ ≈≈≈
###..#..#.#...#≈..§#.
...#.#.##....##..♣≈.
#.....(#.# #X§♣ ≈#
#.#§.(32# §##X≈≈≈
..#.##@Z#§#X≈≈# ≈≈
... #wX##DX§§≈X≈.
≈≈#*.*≈#W.≈≈X≈≈#.#
≈§§≈*##D≈≈≈≈≈ ≈. §
≈#§#≈≈≈≈≈≈≈≈≈≈≈
.≈≈≈≈≈?≈≈≈≈≈≈.#..
≈≈≈≈≈≈≈♣≈≈≈≈#.#.##
≈≈≈≈$≈≈≈≈#.##.§X.
≈≈≈≈≈≈#. .# #


You could see a bone dragon, a tentacled starspawn, a balrug, a sun demon, a
starspawn tentacle and a dire elephant skeleton.

Vanquished Creatures
  An ancient lich (Abyss:1)
  A bone dragon (Abyss:1)
  A lich (Abyss:1)
  4 tentacled starspawn
  An Executioner (Abyss:1)
  Polyphemus (Shoals:3)
  Gastronok (D:10)
  A draconian zealot (Abyss:1)
  An angel (Abyss:1)
  A black draconian (Abyss:3)
  The ghost of Guenter the Carver, a journeyman MiGl of Okawaru (Lair:5)
  Snorg (Lair:4)
  2 merfolk javelineers
  9 merfolk impalers
  2 great orbs of eyes (Abyss:1)
  Fannar (D:12)
  9 hydras
  Harold (Lair:1)
  A merfolk avatar (Shoals:4)
  3 merfolk aquamancers
  A catoblepas (Shoals:3)
  4 thrashing horrors (Abyss:1)
  17 death yaks
  2 hell hogs (Abyss:1)
  3 satyrs (Shoals:3)
  Urug (D:12)
  2 wretched stars
  A fire crab (Lair:8)
  2 unseen horrors
  2 giant orange brains
  13 sea snakes
  3 hill giants
  A wizard (Lair:8)
  2 ugly things
  2 orc knights (Orc:4)
  2 worldbinders (Abyss:1)
  8 harpies
  16 fauns
  An iron dragon skeleton (Abyss:1)
  5 water nymphs
  A sixfirhy (Abyss:1)
  11 griffons
  11 elephants
  9 black mambas
  8 manticores
  A toenail golem (Volcano)
  5 sirens
  8 cyclopes
  2 orange demons
  Joseph (D:8)
  2 torpor snails
  Psyche (D:8)
  An apocalypse crab (Abyss:1)
  The ghost of Senshi the Chopper, a novice FoFi (D:4)
  8 fire drakes
  A hellion (Abyss:1)
  11 smoke demons
  10 spiny frogs
  11 komodo dragons
  2 hellwings (Abyss:1)
  2 two-headed ogres
  2 ancient zymes (Abyss:1)
  16 merfolk
  A red devil (Abyss:1)
  3 wind drakes
  16 blink frogs
  Prince Ribbit (D:9)
  7 snapping turtles
  4 polar bears
  3 trolls
  14 raiju (Abyss:1)
  10 slime creatures
  2 shadows (Abyss:1)
  7 flying skulls (Abyss:1)
  Sigmund (D:3)
  10 small abominations (Abyss:1)
  28 yaks
  An air elemental (Abyss:1)
  14 hippogriffs
  3 basilisks
  A spriggan (Lair:4)
  11 water elementals
  4 ynoxinuls
  2 fire bats (Abyss:3)
  3 deep elf magi
  A steam dragon (Lair:7)
  2 hungry ghosts
  2 chaos spawn (Abyss:1)
  2 hogs (Shoals:3)
  7 neqoxecs (Abyss:1)
  2 soldier ants
  4 nagas
  6 wargs
  11 insubstantial wisps (Abyss:1)
  34 orc warriors
  16 water moccasins
  13 wolves
  5 hell hounds
  4 porcupines
  A wasp (D:9)
  An eye of draining (D:8)
  2 ice beasts (D:6)
  2 black bears
  9 large abominations (Abyss:1)
  6 ogres
  6 starcursed masses (Abyss:1)
  2 necrophages
  5 centaurs
  15 crocodiles
  3 phantoms
  4 big kobolds
  3 sky beasts
  4 brain worms (D:11)
  24 giant frogs
  3 jellies
  4 scorpions
  A wyvern skeleton (D:12)
  5 killer bees
  A troll skeleton (D:10)
  4 spriggan skeletons (D:10)
  7 wights
  A giant frog zombie (D:3)
  5 crimson imps
  2 giant frog skeletons
  5 electric eels
  10 hounds
  26 orc priests
  2 centaur skeletons (D:10)
  8 quasits
  30 orc wizards
  14 worker ants
  5 iron imps (Abyss:1)
  8 iguanas
  28 sheep
  2 worker ant zombies
  9 adders
  4 gnolls
  60 river rats
  A shadow imp (D:6)
  2 white imps (Abyss:1)
  4 ufetubi (Abyss:1)
  An ooze (D:2)
  2 worms
  2 adder skeletons
  4 giant geckos
  165 orcs
  8 hobgoblins
  21 jackals
  25 kobolds
  4 quokkas
  A ball python (D:2)
  7 bats
  11 giant cockroaches
  A giant newt (D:1)
  A goblin (D:1)
  2 quokka zombies
  5 rats
  A fungus (Shoals:1)
  A lurking horror (Abyss:3)
  A plant (Lair:8)
1112 creatures vanquished.

Vanquished Creatures (collateral kills)
  Jorgrun (Shoals:4)
  Frances (Shoals:2)
  Kirke (Shoals:3)
  Louise (Shoals:3)
  A merfolk javelineer (Shoals:1)
  An ice dragon (Lair:7)
  A merfolk avatar (Shoals:3)
  A hell beast (Lair:8)
  A satyr (Shoals:2)
  An orc high priest (Orc:3)
  A hell knight (Volcano)
  3 sea snakes
  5 orc knights (Orc:4)
  2 griffons
  A cyclops (Shoals:1)
  A manticore (Shoals:2)
  3 fauns
  A sixfirhy (Abyss:3)
  A toenail golem (Volcano)
  2 sirens (Shoals:2)
  An orange demon (Lair:8)
  A hellwing (Lair:8)
  5 blue devils (Lair:8)
  A raiju (Abyss:1)
  A red devil (Lair:8)
  2 polar bears (Lair:7)
  6 merfolk
  A wind drake (Shoals:4)
  A golden dragon simulacrum (Abyss:1)
  4 snapping turtles (Shoals:3)
  A yak (Lair:7)
  2 water elementals
  A warg (Orc:4)
  2 hell hounds (Lair:8)
  11 orc warriors
  2 starcursed masses (Abyss:1)
  20 orcs
  A starspawn tentacle (Abyss:3)
93 creatures vanquished.

Vanquished Creatures (others)
  3 humans (Shoals:3)
  2 small abominations (Abyss:1)
  6 fungi
  A lurking horror (Abyss:1)
  12 plants
  11 starspawn tentacles
  50 starspawn tentacle segments
  12 tentacles (Shoals:3)
  769 tentacle segments (Shoals:3)
866 creatures vanquished.

Grand Total: 2071 creatures vanquished

Notes
Turn   | Place    | Note
--------------------------------------------------------------
     0 | D:1      | craggadee the Minotaur Berserker began the quest for the Orb.
     0 | D:1      | Reached XP level 1. HP: 19/19 MP: 0/0
   336 | D:1      | Reached skill level 4 in Maces & Flails
   371 | D:1      | Reached XP level 2. HP: 17/26 MP: 1/1
   812 | D:2      | Found a faded altar to an unknown god.
   835 | D:2      | Reached XP level 3. HP: 23/31 MP: 2/2
   876 | D:2      | Reached ** piety under Trog
   905 | D:2      | Reached skill level 5 in Maces & Flails
  1372 | D:3      | Found a shattered altar of Ashenzari.
  1378 | D:3      | Noticed Sigmund
  1381 | D:3      | Reached XP level 4. HP: 32/39 MP: 3/3
  1390 | D:3      | Killed Sigmund
  1390 | D:3      | Reached skill level 7 in Maces & Flails
  1390 | D:3      | Reached XP level 5. HP: 20/45 MP: 4/4
  1738 | D:3      | Found a glowing golden altar of the Shining One.
  1740 | D:3      | Found a sparkling altar of Nemelex Xobeh.
  1742 | D:3      | Found a stormy altar of Qazlal.
  1759 | D:3      | Reached skill level 8 in Maces & Flails
  1830 | D:3      | Reached XP level 6. HP: 40/51 MP: 5/5
  1862 | D:3      | Found an ancient bone altar of Kikubaaqudgha.
  1863 | D:3      | Found a blossoming altar of Fedhas.
  1995 | D:3      | Reached *** piety under Trog
  2543 | D:4      | Noticed Senshi's ghost (novice FoFi)
  2554 | D:4      | Killed Senshi's ghost
  2554 | D:4      | Reached skill level 10 in Maces & Flails
  2554 | D:4      | Reached XP level 7. HP: 50/57 MP: 6/6
  2794 | D:4      | You fall through a shaft for 3 floors!
  2852 | D:7      | Reached skill level 11 in Maces & Flails
  3121 | D:6      | Found a glowing silver altar of Zin.
  3125 | D:6      | Noticed an angel
  3127 | D:6      | Found a shimmering altar of Xom.
  3145 | D:6      | Reached XP level 8. HP: 51/64 MP: 7/7
  3527 | D:6      | Got a dazzling long sword
  3607 | D:6      | Found a basalt altar of Yredelemnul.
  3642 | D:6      | Reached skill level 12 in Maces & Flails
  3758 | D:5      | Entered Level 5 of the Dungeon
  3766 | D:5      | Reached **** piety under Trog
  3993 | D:4      | Found a radiant altar of Vehumet.
  4621 | D:5      | Identified the +10 long sword "Idodeamuu" {freeze, rPois} (You found it on level 6 of the Dungeon)
  4668 | D:5      | Found an iron altar of Okawaru.
  4972 | D:5      | Reached skill level 1 in Long Blades
  5397 | D:6      | Reached XP level 9. HP: 49/72 MP: 8/8
  5757 | D:7      | Reached skill level 5 in Armour
  5861 | D:7      | Reached skill level 5 in Fighting
  5927 | D:7      | Found a staircase to the Ecumenical Temple.
  5946 | D:7      | Found Lad Miyf's Distillery.
  5983 | D:7      | Found a deep blue altar of Sif Muna.
  5987 | D:7      | Received a gift from Trog
  6018 | D:7      | Bought a potion of heal wounds for 80 gold pieces
  6018 | D:7      | Bought a potion of heal wounds for 80 gold pieces
  6630 | D:8      | Reached skill level 5 in Long Blades
  6641 | D:8      | Noticed Joseph
  6651 | D:8      | Killed Joseph
  6651 | D:8      | Reached skill level 5 in Dodging
  6659 | D:8      | Reached ***** piety under Trog
  6664 | D:8      | Reached XP level 10. HP: 83/83 MP: 4/9
  6920 | D:8      | Noticed Psyche
  6929 | D:8      | Killed Psyche
  6968 | D:8      | Found a shadowy altar of Dithmenos.
  7667 | D:9      | Found an opulent altar of Gozag.
  7737 | D:9      | Reached skill level 1 in Shields
  7789 | D:9      | Noticed Prince Ribbit
  7794 | D:9      | Killed Prince Ribbit
  7855 | D:9      | Found a white marble altar of Elyvilon.
  8050 | D:9      | Found a staircase to the Lair.
  8187 | D:9      | Got a brightly glowing mace
  8191 | D:9      | Identified the +1 mace of Yjots {freeze, *Contam rC+ MR+++ Int-5} (You found it on level 9 of the Dungeon)
  8224 | D:9      | Received a gift from Trog
  8380 | D:10     | Entered Level 10 of the Dungeon
  8380 | D:10     | Noticed a hill giant
  8386 | D:10     | Killed a hill giant
  8432 | D:10     | Noticed Gastronok
  8444 | D:10     | Killed Gastronok
  8444 | D:10     | Reached XP level 11. HP: 47/92 MP: 10/10
  8894 | D:10     | Found a staircase to the Orcish Mines.
  9294 | D:11     | Noticed a giant orange brain
  9303 | D:11     | Noticed a centaur warrior
  9305 | D:11     | Killed a giant orange brain
  9305 | D:11     | Reached skill level 10 in Armour
  9306 | D:11     | Lost intelligence.
  9311 | D:11     | Reached skill level 10 in Long Blades
  9411 | D:11     | Found a runed door.
  9430 | D:11     | Found a runed door.
  9441 | D:11     | Received a gift from Trog
  9480 | D:11     | Got a shimmering great mace {god gift}
  9489 | D:11     | Identified the +2 great mace of Zuesch {antimagic, Int+2} (Trog gifted it to you on level 11 of the Dungeon)
  9920 | D:11     | Killed an unseen horror
 10032 | D:11     | Found Toraam's Antique Armour Shop.
 10073 | D:11     | Noticed a hill giant
 10079 | D:11     | Killed a hill giant
 10451 | D:12     | Found a shimmering altar of Xom.
 10462 | D:12     | Noticed Fannar
 10486 | D:12     | Killed Fannar
 10487 | D:12     | Noticed Urug
 10702 | D:12     | Killed Urug
 10702 | D:12     | Reached XP level 12. HP: 100/102 MP: 11/11
 10779 | D:12     | Reached skill level 5 in Shields
 10815 | D:12     | Reached ****** piety under Trog
 10963 | D:12     | Found a flagged portal.
 10971 | Bailey   | Entered a bailey
 11725 | Bailey   | Got a dazzling plate armour
 11738 | Bailey   | Identified the +4 plate armour of Geqix {rC- rN+ Slay+4 Stlth+} (You found it in a bailey)
 11748 | Bailey   | Identified a +1 pair of boots of running (You found it in a bailey)
 12198 | D:12     | Noticed a hill giant
 12206 | D:12     | Killed a hill giant
 12301 | D:12     | Received a gift from Trog
 12937 | D:12     | Gained mutation: Your magical capacity is low (-10% MP). [potion of mutation]
 12937 | D:12     | Gained mutation: You are weak. (Str -2) [potion of mutation]
 13094 | Orc:1    | Entered Level 1 of the Orcish Mines
 13485 | Orc:3    | Received a gift from Trog
 13527 | Orc:3    | Found Jugganeo's Antique Weapon Shop.
 13576 | Orc:3    | Found Lott's Magic Scroll Boutique.
 13579 | Orc:3    | Bought a scroll of enchant armour for 127 gold pieces
 13579 | Orc:3    | Bought a scroll of enchant weapon for 127 gold pieces
 13846 | Orc:3    | Reached skill level 13 in Maces & Flails
 13919 | Orc:3    | Found a staircase to the Elven Halls.
 13930 | Orc:3    | Found Konougupn's Food Emporium.
 13951 | Orc:3    | Found a dark tunnel.
 13960 | Volcano  | Entered a volcano
 14377 | Orc:4    | Entered Level 4 of the Orcish Mines
 14458 | Orc:4    | Reached XP level 13. HP: 54/111 MP: 6/10
 14480 | Orc:4    | Found Unulumu's Gadget Shop.
 14480 | Orc:4    | Found Zoin's Antique Armour Emporium.
 14565 | Orc:4    | Found a roughly hewn altar of Beogh.
 14897 | Orc:4    | Found a roughly hewn altar of Beogh.
 14975 | Orc:4    | Found Laoryz's Distillery.
 14975 | Orc:4    | Found Ugolouxo's Weapon Emporium.
 15172 | Orc:4    | Bought a potion of heal wounds for 65 gold pieces
 15272 | Orc:4    | Found Dinteoc's Desiderata Depot.
 15522 | D:10     | Reached skill level 14 in Maces & Flails
 15567 | D:9      | Received a gift from Trog
 15583 | Lair:1   | Entered Level 1 of the Lair of Beasts
 15633 | Lair:1   | Noticed Harold
 15644 | Lair:1   | Killed Harold
 15644 | Lair:1   | Reached skill level 10 in Fighting
 17203 | Lair:3   | Found a staircase to the Shoals.
 17946 | Lair:4   | Noticed Snorg
 17955 | Lair:4   | Killed Snorg
 17955 | Lair:4   | Reached skill level 15 in Maces & Flails
 18105 | Lair:4   | Received a gift from Trog
 18114 | Lair:4   | Got a dazzling double sword {god gift}
 18115 | Lair:4   | Identified the +3 double sword of the Reaper {slice, rElec MR+} (Trog gifted it to you on level 4 of the Lair of Beasts)
 18637 | Lair:5   | Noticed Guenter's ghost (journeyman MiGl)
 18664 | Lair:5   | Killed Guenter's ghost
 19051 | Lair:5   | Found a staircase to the Snake Pit.
 19238 | Lair:5   | Reached XP level 14. HP: 81/124 MP: 7/11
 19916 | Lair:6   | Received a gift from Trog
 20267 | Lair:6   | Reached skill level 16 in Maces & Flails
 21000 | Lair:7   | Reached skill level 1 in Evocations
 21026 | Lair:7   | Found a frozen archway.
 21071 | IceCv    | Entered an ice cave
 21253 | Lair:7   | Reached skill level 10 in Dodging
 21586 | Lair:7   | Found a staircase to the Slime Pits.
 21801 | Lair:7   | Reached skill level 17 in Maces & Flails
 21808 | Lair:7   | Reached skill level 15 in Armour
 22181 | Lair:7   | Received a gift from Trog
 22501 | Lair:8   | Entered Level 8 of the Lair of Beasts
 22590 | Lair:8   | Got a glittering platinum ring
 22621 | Lair:8   | Identified the ring "Yshromep" {rF+ Str+2 Dex+7} (You found it on level 8 of the Lair of Beasts)
 22646 | Lair:8   | Reached XP level 15. HP: 100/132 MP: 8/14
 22897 | Lair:8   | Found a burning altar of Makhleb.
 22907 | Lair:8   | Received a gift from Trog
 22920 | Lair:8   | Found a gateway to Hell.
 23062 | Lair:8   | Reached skill level 18 in Maces & Flails
 23663 | Shoals:1 | Entered Level 1 of the Shoals
 24094 | Shoals:1 | Found Guinke's Magic Scroll Boutique.
 24108 | Shoals:1 | Bought a scroll of identify for 32 gold pieces
 24108 | Shoals:1 | Bought a scroll of identify for 32 gold pieces
 24108 | Shoals:1 | Bought a scroll of identify for 32 gold pieces
 24108 | Shoals:1 | Bought a scroll of enchant armour for 120 gold pieces
 26410 | Shoals:2 | HP: 6/134 [sea snake (14)]
 26791 | Shoals:2 | Reached skill level 19 in Maces & Flails
 26815 | Shoals:2 | Noticed Frances
 26829 | Shoals:2 | Killed Frances
 28053 | Shoals:3 | Noticed Kirke
 28054 | Shoals:3 | Noticed Polyphemus
 28056 | Shoals:3 | Reached XP level 16. HP: 128/143 MP: 8/16
 28083 | Shoals:3 | Noticed Louise
 28393 | Shoals:2 | Lost mutation: You are weak. (Str -2) [potion of cure mutation]
 28393 | Shoals:2 | Lost mutation: Your magical capacity is low (-10% MP). [potion of cure mutation]
 29117 | Shoals:3 | Killed Kirke
 29206 | Shoals:3 | Killed Louise
 29719 | Shoals:3 | Killed Polyphemus
 30062 | Shoals:3 | Noticed a kraken
 30105 | Shoals:3 | Reached skill level 20 in Maces & Flails
 30368 | Shoals:4 | Entered Level 4 of the Shoals
 30385 | Shoals:4 | Reached skill level 5 in Evocations
 30441 | Shoals:4 | Got a fine plate armour
 30444 | Shoals:4 | Identified the +14 plate armour of Rotation {*Contam rF+++ Int+3} (You found it on level 4 of the Shoals)
 30504 | Shoals:4 | Noticed Ilsuiw
 30511 | Shoals:4 | Noticed Jorgrun
 32403 | Shoals:4 | Killed Jorgrun
 32439 | Shoals:3 | Cast into the Abyss (merfolk impaler)
 32588 | Abyss:1  | Gained mutation: You have a pair of large horns on your head. [a neqoxec]
 32604 | Abyss:1  | Noticed a tentacled starspawn
 32611 | Abyss:1  | Killed a tentacled starspawn
 32864 | Abyss:1  | Noticed an Executioner
 32864 | Abyss:1  | Noticed an ancient lich
 32869 | Abyss:1  | Killed an Executioner
 32877 | Abyss:1  | Killed an ancient lich
 32877 | Abyss:1  | Reached XP level 17. HP: 85/135 MP: 6/18
 32909 | Abyss:1  | Noticed a lich
 32915 | Abyss:1  | Killed a lich
 33001 | Abyss:1  | Noticed a bone dragon
 33027 | Abyss:1  | Killed a bone dragon
 33156 | Abyss:1  | Reached skill level 21 in Maces & Flails
 33707 | Abyss:1  | Noticed a bone dragon
 34524 | Abyss:1  | Found a corrupted altar of Lugonu.
 34657 | Abyss:1  | Paralysed by accursed screaming for 1 turns
 34667 | Abyss:1  | Paralysed by accursed screaming for 1 turns
 35114 | Abyss:1  | Noticed a bone dragon
 35130 | Abyss:1  | Paralysed by accursed screaming for 1 turns
 35211 | Abyss:1  | Found an ancient bone altar of Kikubaaqudgha.
 35416 | Abyss:1  | Gained mutation: You are frail (-10% HP). [a neqoxec]
 35436 | Abyss:2  | Found a corrupted altar of Lugonu.
 35619 | Abyss:3  | Noticed a bone dragon
 35637 | Abyss:3  | HP: 6/138 [sun demon[a balrug] (3)]
 35638 | Abyss:3  | Slain by a sun demon

Action                   |  1- 3 |  4- 6 |  7- 9 | 10-12 | 13-15 | 16-18 || total
-------------------------+-------+-------+-------+-------+-------+-------++-------
Melee: Mace              |   112 |    80 |   158 |       |       |       ||   350
       Long sword        |       |       |   132 |   503 |       |       ||   635
       Great mace        |       |       |       |   204 |   916 |   701 ||  1821
       Double sword      |       |       |       |       |    61 |       ||    61
Invok: Berserk           |       |     3 |     3 |     2 |     3 |     3 ||    14
       Burn Spellbooks   |       |       |       |     2 |     7 |     1 ||    10
       Brothers in Arms  |       |       |       |     8 |    17 |    13 ||    38
       Trog's Hand       |       |       |       |     3 |       |     4 ||     7
 Abil: Evoke Flight      |       |       |       |     1 |       |       ||     1
Evoke: Wand              |       |       |       |       |     2 |    15 ||    17
  Use: Scroll            |       |       |    24 |    10 |     6 |    25 ||    65
       Potion            |       |       |       |     6 |     6 |    14 ||    26
 Stab: Invisible         |       |       |       |       |       |     3 ||     3
  Eat: Chunk             |     2 |     5 |    11 |    24 |     6 |       ||    48
       Meat ration       |       |       |     1 |       |     4 |     1 ||     6
       Royal jelly       |       |       |     1 |     2 |     4 |       ||     7
       Bread ration      |       |       |       |     2 |     1 |     6 ||     9
       Beef jerky        |       |       |       |     1 |       |       ||     1
       Fruit             |       |       |       |       |    16 |       ||    16
